Map: Templo Congelado

Players

TheZergLord - Winner!

  • Race: Zerg Zerg
  • League: Master

Goosejuice

  • Race: Terran Terran
  • League: Master

VOD

Have the link to the VOD?

Description

Time

  • Played on: May 23, 2016, 9:35 a.m.
  • Length: 13:38
Show
View Real Time Build Order
Export as new Build Order

TheZergLord Zerg - Winner!

Build Orders: Hatch First, Muta Ling Bane 

Get SALT Encoding   

  12  0:01  Drone  
  13  0:13  Overlord  
  13  0:18  Drone  
  14  0:31  Drone x2  
  14  0:35  Drone  
  17  0:53  Hatchery  
  17  0:56  Drone  
  17  1:09  Spawning Pool  
  16  1:13  Drone  
  16  1:16  Extractor  
  16  1:19  Drone  
  16  1:22  Drone  
  18  1:30  Drone  
  19  1:40  Overlord  
  19  1:57  Queen, Zergling x2  
  22  2:03  Zergling x2  
  22  2:05  Queen  
  22  2:06  Zergling x2  
  26  2:25  Metabolic Boost  
  26  2:36  Hatchery  
  25  2:39  Drone x3  
  25  2:42  Drone  
  29  2:46  Drone  
  29  2:49  Drone  
  31  2:56  Queen  
  33  3:01  Overlord  
  33  3:06  Drone x2  
  33  3:09  Drone  
  36  3:18  Overlord  
  36  3:24  Drone x2  
  38  3:32  Drone x4  
  38  3:33  Drone  
  43  3:40  Drone  
  42  3:51  Queen x3  
  48  4:01  Zergling x6  
  51  4:03  Overlord  
  51  4:07  Drone x4  
  51  4:08  Drone  
  56  4:14  Overlord  
  56  4:15  Drone x2  
  58  4:25  Spore Crawler  
  58  4:26  Drone  
  58  4:27  Overlord  
  57  4:45  Lair  
  57  4:51  Drone  
  57  4:52  Drone x14  
  72  5:03  Drone, Evolution Chamber, Baneling Nest  
  72  5:04  Drone x2  
  73  5:16  Overlord x2  
  73  5:17  Hatchery  
  72  5:25  Extractor x2  
  72  5:26  Drone x2, Extractor x2  
  70  5:29  Overlord  
  70  5:32  Drone x4  
  74  5:43  Drone x9  
  74  5:45  Zerg Ground Armor Level 1  
  83  5:50  Extractor  
  83  5:53  Drone  
  79  6:15  Zergling x12  
  79  6:16  Zergling x6  
  70  6:35  Drone x3  
  70  6:36  Drone x3  
  71  6:50  Queen  
  70  6:55  Centrifical Hooks  
  70  6:57  Spire  
  70  6:59  Drone x6  
  70  7:00  Drone x5  
  79  7:08  Drone  
  78  7:19  Drone x4  
  77  7:22  Extractor  
  77  7:23  Extractor  
  75  7:37  Zergling x2  
  75  7:38  Zergling x16  
  75  7:39  Hatchery  
  75  7:41  Zerg Melee Weapons Level 1  
  83  7:46  Evolution Chamber  
  83  7:50  Zergling x10  
  83  7:51  Zergling x4  
  89  7:55  Queen  
  89  7:58  Baneling x2  
  91  8:01  Baneling x4  
  91  8:04  Pneumatized Carapace  
  91  8:07  Overseer  
  91  8:10  Mutalisk x2  
  95  8:13  Overlord x6  
  95  8:18  Zerg Ground Armor Level 2  
  92  8:35  Baneling x3  
  92  8:36  Mutalisk x6, Baneling x3  
  92  8:39  Zergling x6  
  92  8:40  Zergling x18  
  116  8:43  Drone x2, Mutalisk  
  116  8:46  Drone  
  116  8:47  Drone  
  122  8:53  Zergling x2, Baneling x6  
  122  8:54  Zergling x8  
  114  9:13  Drone  
  114  9:14  Drone x4  
  110  9:18  Mutalisk x3  
  110  9:19  Mutalisk  
  115  9:30  Queen  
  114  9:36  Zergling x34  
  131  9:42  Zergling x6  
  134  9:48  Zergling x6  
  134  9:49  Zergling x2  
  134  9:51  Zerg Flyer Weapons Level 1  
  138  9:57  Baneling  
  138  9:58  Baneling x11  
  130  10:01  Mutalisk x5  
  141  10:07  Drone  
  141  10:08  Overlord  
  141  10:09  Overlord x2, Infestation Pit  
  141  10:11  Zerg Melee Weapons Level 2  
  139  10:33  Zergling x20  
  139  10:34  Zergling x20  
  159  10:38  Baneling  
  159  10:39  Baneling x7  
  159  11:04  Zergling x24  
  143  11:22  Drone x3  
  143  11:24  Drone  
  145  11:29  Mutalisk x4  
  145  11:30  Mutalisk x6  
  165  11:42  Hive  
  142  11:54  Hatchery  
  133  12:02  Zergling x20  
  133  12:03  Zergling x10  
  144  12:17  Zergling x2  
  144  12:18  Zergling x22  
  144  12:21  Baneling x8  
  144  12:22  Baneling  
  151  12:43  Hatchery  
  150  12:44  Zergling x2  
  150  12:45  Zergling x16  
  150  12:48  Overlord x4  
Show
View Real Time Build Order
Export as new Build Order

Goosejuice Terran 

Build Orders: Liberator Opening, Reaper Expand, MMM Bio 

Get SALT Encoding   

  12  0:03  SCV  
  13  0:15  SCV  
  13  0:19  Supply Depot  
  14  0:27  SCV  
  15  0:40  SCV  
  16  0:45  Barracks  
  16  0:47  Refinery  
  16  0:52  SCV  
  17  1:04  SCV  
  18  1:16  SCV  
  19  1:32  Orbital Command  
  19  1:34  Reaper  
  20  1:52  Command Center  
  20  1:59  SCV  
  21  2:03  Supply Depot  
  21  2:06  Marine  
  22  2:11  SCV  
  23  2:21  Factory  
  23  2:24  SCV  
  23  2:26  Barracks Reactor  
  24  2:36  SCV  
  24  2:48  SCV  
  25  2:52  Refinery  
  25  3:00  SCV  
  26  3:06  Orbital Command  
  26  3:11  Hellion x2  
  30  3:13  SCV, Marine  
  30  3:17  Starport  
  32  3:25  SCV  
  33  3:31  SCV  
  34  3:37  SCV  
  34  3:39  Liberator  
  35  3:43  SCV  
  35  3:47  Bunker  
  35  3:49  SCV, Hellion x2  
  35  3:50  Barracks Tech Lab  
  40  3:56  SCV  
  40  4:01  SCV  
  45  4:02  Supply Depot  
  45  4:17  Stimpack, Marine  
  46  4:24  SCV x2  
  46  4:26  Supply Depot  
  46  4:30  Liberator  
  46  4:31  Hellion x2  
  52  4:36  SCV x2  
  54  4:47  Marine  
  54  4:48  SCV x2, Supply Depot  
  60  5:00  SCV x2  
  60  5:02  Engineering Bay  
  60  5:03  Engineering Bay  
  60  5:04  Barracks  
  62  5:07  Factory Tech Lab  
  62  5:12  SCV  
  63  5:16  Command Center  
  63  5:25  SCV  
  64  5:30  Marine  
  64  5:32  Siege Tank, Terran Infantry Weapons Level 1  
  64  5:33  SCV  
  64  5:35  Refinery  
  69  5:36  Terran Infantry Armor Level 1, Refinery  
  69  5:37  SCV, Supply Depot  
  69  5:39  Supply Depot  
  70  5:58  Marine  
  70  5:59  SCV x2  
  70  6:02  Marine x2  
  75  6:06  Barracks  
  75  6:07  Barracks  
  75  6:08  Barracks  
  75  6:11  SCV  
  71  6:16  Marine  
  72  6:20  Marine  
  67  6:25  Marine  
  67  6:26  SCV, Combat Shields  
  67  6:27  Viking  
  67  6:29  SCV  
  68  6:36  Siege Tank  
  68  6:38  SCV  
  72  6:41  SCV  
  72  6:45  Marine  
  72  6:46  Marine x2  
  76  6:50  SCV  
  77  6:59  Marine x2  
  81  7:03  Marine  
  81  7:05  Starport Reactor  
  80  7:08  Siege Tank  
  80  7:09  Marine  
  80  7:14  SCV  
  85  7:16  Missile Turret  
  85  7:21  SCV  
  86  7:24  Orbital Command  
  86  7:26  SCV, Marine  
  85  7:30  Barracks Reactor x3  
  85  7:31  Marine  
  85  7:32  Marine  
  85  7:35  SCV  
  85  7:36  Armory  
  85  7:38  Missile Turret  
  85  7:39  SCV  
  85  7:42  Supply Depot  
  85  7:43  Medivac x2  
  85  7:44  Marine  
  90  7:47  Siege Tank  
  90  7:49  SCV, Marine  
  90  7:50  Marine  
  90  7:51  SCV x2, Refinery  
  98  7:58  Supply Depot  
  99  8:00  Supply Depot  
  99  8:01  Marine, Supply Depot  
  99  8:02  SCV  
  99  8:04  Missile Turret  
  101  8:07  Marine  
  101  8:09  Marine x2  
  101  8:10  Marine x4  
  108  8:14  Supply Depot  
  108  8:19  Medivac x2, Marine  
  115  8:20  Marauder  
  115  8:24  Marine, Supply Depot  
  116  8:32  Marine x3  
  116  8:33  Marine  
  120  8:35  Siege Tank  
  120  8:39  Terran Infantry Weapons Level 2, Marine x3  
  120  8:40  Terran Infantry Armor Level 2  
  128  8:41  Marauder  
  128  8:47  Command Center  
  128  8:48  Marine  
  129  8:50  Marine  
  129  8:54  Factory, Marine x2  
  132  8:57  Marine x3  
  132  8:58  Barracks  
  133  9:15  Marine x2  
  107  9:17  Marine x3  
  107  9:18  Marine  
  107  9:19  Marine  
  107  9:20  Marine  
  107  9:24  Marine  
  105  9:32  Marine x2  
  105  9:33  Medivac x2  
  105  9:35  Marine x4  
  105  9:37  Marine x2  
  114  9:39  SCV x3, Starport  
  114  9:41  Refinery  
  117  9:48  Marine  
  117  9:50  Marine  
  117  9:51  SCV, Barracks Tech Lab  
  120  10:13  Liberator x3, Marine x4  
  120  10:14  Marine x3, Marauder x2  
  131  10:25  Missile Turret  
  131  10:28  Missile Turret  
  131  10:30  Marine  
  131  10:31  Missile Turret x2, Marine  
  126  10:36  Marine x3, Marauder  
  126  10:37  Marine x2  
  126  10:40  Marine x2  
  128  10:48  Marine  
  128  10:49  Marine  
  126  10:50  Planetary Fortress  
  126  10:52  SCV x2  
  126  10:54  Marine x4  
  130  10:58  Marine x4  
  130  11:04  Liberator  
  134  11:06  Marine  
  134  11:07  Marine  
  123  11:12  Thor, Marine x4  
  123  11:13  Medivac  
  123  11:14  Medivac  
  123  11:15  Marine  
  123  11:16  Marine x2  
  121  11:20  Marine  
  121  11:24  Marine x2  
  127  11:26  Liberator  
  127  11:27  Liberator  
  127  11:28  Fusion Core  
  127  11:29  Marine  
  127  11:30  Marine x2  
  128  11:42  Marine x2  
  128  11:45  Factory  
  128  11:46  Marine  
  135  11:48  Marine  
  135  11:49  Marine  
  135  11:52  Marine x3  
  123  11:58  Marine x2  
  123  12:00  Command Center  
  124  12:01  Marine x2  
  124  12:03  SCV x2  
  128  12:09  Marine x2, Medivac  
  121  12:24  SCV  
  121  12:25  SCV x2  
  121  12:26  Medivac  
  121  12:29  Marauder, Factory Tech Lab  
  128  12:36  SCV, Marine x3  
  128  12:37  SCV x2, Marine x5  
  119  12:39  Marine  
  119  12:41  Factory Tech Lab  
  119  12:43  Medivac x2  
  124  12:49  SCV  
  124  12:50  Marine  
  129  13:17  Marine x2  
  129  13:18  Marine  
  129  13:19  Marine x2  
Tags
 
Add a new tag
Caveats
  • Supply blocks, unpowered buildings, or Contaminate may cause inaccurate times.
  • Supply counts are checked every 10 seconds.